 Dungeon Crawl Stone Soup version 0.24.0-125-gc4c63601f3 (webtiles) character file.

Game seed: 7168764949100442480, levelgen mode: deterministic

4606 FluffierThanThou the Fighter (level 10, -3/97 HPs)
             Began as a Minotaur Fighter on Feb 24, 2020.
             Was a Priest of Okawaru.
             Slain by a two-headed ogre
             ... wielding a +0 giant club
              (8 damage)
             ... on level 9 of the Dungeon.
             The game lasted 00:20:49 (6776 turns).

FluffierThanThou the Fighter (Minotaur Fighter)     Turns: 6776, Time: 00:20:51

Health: -3/97      AC: 22    Str: 28    XL:     10   Next: 19%
Magic:  8/9        EV:  6    Int:  5    God:    Okawaru [***...]
Gold:   637        SH: 12    Dex: 10    Spells: 9/9 levels left

rFire    + + +     SeeInvis .   K - +2 dagger "Vungepun" {freeze, *Slow rElec rF+++ Str+2}
rCold    . . .     Gourm    .   c - +0 shield
rNeg     . . .     Faith    +   Q - +1 plate armour
rPois    .         Spirit   .   (helmet restricted)
rElec    +         Reflect  .   l - +0 cloak
rCorr    .         Harm     .   C - +0 pair of gloves
MR       .....                  (no boots)
Stlth    ..........             E - amulet of faith {!P}
HPRegen  0.26/turn              u - +5 ring of protection
MPRegen  0.11/turn              q - +2 ring of strength

@: no status effects
A: retaliatory headbutt, horns 2
a: Heroism, Renounce Religion


You were on level 9 of the Dungeon.
You worshipped Okawaru.
Okawaru was most pleased with you.
You were not hungry.

You visited 2 branches of the dungeon, and saw 10 of its levels.
You also visited: Sewer and Bailey.

You collected 703 gold pieces.
You spent 66 gold pieces at shops.

Inventory:

Hand Weapons
 a - a +1 war axe
 s - a +2 war axe of freezing
   (You found it on level 5 of the Dungeon)
 K - the +2 dagger "Vungepun" (weapon) {freeze, *Slow rElec rF+++ Str+2}
   (You found it in a bailey)

   It has been specially enchanted to freeze those struck by it, causing extra
   injury to most foes and up to half again as much damage against particularly
   susceptible opponents.
   It can also slow down cold-blooded creatures.
   It affects your strength (+2).
   It renders you almost immune to fire.
   It insulates you from electricity.
   It may slow you when you take damage.
Armour
 b - a +0 scale mail
 c - a +0 shield (worn)
 l - a +0 cloak (worn)
   (You found it on level 1 of the Dungeon)
 C - a +0 pair of gloves (worn)
   (You found it on level 4 of the Dungeon)
 G - the +0 ring mail "Poym" {*Corrode rF+++ MR- Regen+}
   (You found it in a bailey)

   It renders you almost immune to fire.
   It affects your resistance to hostile enchantments.
   It increases your rate of regeneration.
   It may corrode you when you take damage.
 M - a +1 chain mail of magic resistance
   (You found it in a bailey)
 Q - a +1 plate armour (worn)
   (You found it on level 8 of the Dungeon)
Jewellery
 j - an uncursed ring of attention
   (You found it on level 3 of the Dungeon)
 m - a +1 ring of slaying
   (You found it on level 1 of the Dungeon)
 q - a +2 ring of strength (right hand)
   (You found it on level 2 of the Dungeon)
 r - an uncursed ring of protection from cold
   (You found it on level 3 of the Dungeon)
 u - a +5 ring of protection (left hand)
   (You took it off a kobold on level 3 of the Dungeon)
 E - an amulet of faith (around neck) {!P}
   (You found it on level 4 of the Dungeon)
 R - the ring "Zaerupu" {rN+ Str+2, unknown}
   (You found it on level 8 of the Dungeon)

   [ring of positive energy]

   It affects your strength (+2).
   It protects you from negative energy.
Wands
 H - a wand of disintegration (11)
   (You found it on level 6 of the Dungeon)
 J - a wand of acid (8)
   (You found it on level 7 of the Dungeon)
 O - a wand of polymorph (11)
   (You found it on level 8 of the Dungeon)
 P - a wand of iceblast (7)
   (You found it on level 8 of the Dungeon)
Scrolls
 d - 4 scrolls of amnesia
 f - 3 scrolls of remove curse {@r2}
 g - a scroll of noise {unknown}
 v - 3 scrolls of immolation {!r}
 w - a scroll of teleportation {unknown}
 x - a scroll of enchant armour
 y - 17 scrolls of identify {@r1}
 D - a scroll of enchant weapon
 F - 3 scrolls of blinking {unknown}
 I - 3 scrolls of magic mapping {unknown}
Potions
 h - 3 potions of lignification {unknown}
 i - 3 potions of agility {unknown}
 k - a potion of resistance {unknown}
 n - 4 potions of brilliance {unknown}
 o - 2 potions of mutation {unknown}
 p - 5 potions of curing {unknown}
 t - a potion of degeneration {unknown}
 z - 2 potions of flight {unknown}
 A - 2 potions of heal wounds {@q2}
 B - a potion of berserk rage {unknown}
Miscellaneous
 L - a sack of spiders
Comestibles
 e - 12 rations {!d}
 N - 5 chunks of flesh


   Skills:
 * Level 11.6 Fighting
 + Level 8.4 Axes
 + Level 8.8 Armour
 + Level 8.9 Shields


You had 9 spell levels left.
You didn't know any spells.
Your spell library contained the following spells:

 Spells                   Type           Power        Failure   Level  Hunger
 Flame Tongue             Conj/Fire      #....        100%        1    ##.....
 Magic Dart               Conj           #...         100%        1    ##.....
 Blink                    Tloc           N/A          100%        2    ###....
 Call Imp                 Summ           #.......     100%        2    ###....
 Slow                     Hex            #.......     100%        2    ###....
 Throw Flame              Conj/Fire      #.....       100%        2    ###....
 Conjure Flame            Conj/Fire      #.......     100%        3    ####...
 Inner Flame              Hex/Fire       #.......     100%        3    ####...
 Mephitic Cloud           Conj/Pois/Air  #.......     100%        3    ####...
 Sticky Flame             Conj/Fire      #.......     100%        4    #####..
 Fireball                 Conj/Fire      #.........   100%        5    ######.


Dungeon Overview and Level Annotations

Branches:
Dungeon (9/15)             Temple (1/1) D:6           Sewer (visited)
 Bailey (visited)
   Lair: D:8-11         Orc: D:9-12

Altars:
Ashenzari
Cheibriados
Dithmenos
Elyvilon
Fedhas
Gozag
Hepliaklqana
Kikubaaqudgha
Makhleb
Nemelex Xobeh
Okawaru
Qazlal
Ru
Sif Muna
Trog
Uskayaw
Vehumet
Wu Jian
Xom
Yredelemnul
The Shining One

Shops:
D:8 *

Annotations:
D:3 3 runed translucent doors, Descartes's ghost, amateur FeWr


Innate Abilities, Weirdness & Mutations

You reflexively headbutt those who attack you in melee.
You have a pair of horns on your head.


Message History

Your plate armour prevents you from hitting the two-headed ogre.
The six-headed hydra bites you but does no damage.
The six-headed hydra barely misses you. x2; The six-headed hydra bites you.
* * * LOW HITPOINT WARNING * * *
You block the six-headed hydra's attack. x2
You barely miss the two-headed ogre.
You headbutt the two-headed ogre, but do no damage.
The two-headed ogre closely misses you.
The two-headed ogre hits you with a +0 giant spiked club.
* * * LOW HITPOINT WARNING * * *
The six-headed hydra bites you.
* * * LOW HITPOINT WARNING * * *
The six-headed hydra bites you but does no damage. x2
The six-headed hydra bites you.
* * * LOW HITPOINT WARNING * * *
The six-headed hydra bites you but does no damage. x2
As you read the scroll labeled NEKLAY AFRECVA, it crumbles to dust.
It is a scroll of enchant armour.
Your +0 plate armour glows green for a moment.
You block the two-headed ogre's attack.
The two-headed ogre hits you with a +0 giant spiked club.
* * * LOW HITPOINT WARNING * * *
You block the six-headed hydra's attack.
The six-headed hydra bites you but does no damage. x2
You block the six-headed hydra's attack.
The six-headed hydra bites you but does no damage.
The six-headed hydra bites you.
* * * LOW HITPOINT WARNING * * *
You feel much better.
You block the two-headed ogre's attack. x2
The six-headed hydra bites you!
* * * LOW HITPOINT WARNING * * *
The six-headed hydra bites you.
* * * LOW HITPOINT WARNING * * *
You block the six-headed hydra's attack.
The six-headed hydra barely misses you.
The six-headed hydra bites you but does no damage.
You block the six-headed hydra's attack.
Some of the chunks of flesh in your inventory have rotted away.
You hit the two-headed ogre but do no damage.
Your headbutt misses the two-headed ogre.
The six-headed hydra bites you but does no damage. x2
The six-headed hydra bites you!
* * * LOW HITPOINT WARNING * * *
You block the six-headed hydra's attack.
The six-headed hydra bites you!
* * * LOW HITPOINT WARNING * * *
The six-headed hydra bites you but does no damage.
You block the two-headed ogre's attack.
The two-headed ogre hits you with a +0 giant spiked club!
You die...

##)##..#### #........##
#######...# .
###############.... .O.
..........[........
.....#####..........###
$..........#..#######
..#######......#
.....ZD@O.######
...########


You could see a six-headed hydra, a two-headed ogre and a wyvern zombie.

Vanquished Creatures
  A human (D:7)
  Grum (D:8)
  Sigmund (D:2)
  4 hogs (D:7)
  A hungry ghost (D:8)
  Menkaure (D:5)
  2 water moccasins
  3 orc warriors (Bailey)
  A sky beast (D:7)
  A phantom (D:6)
  2 ogres (D:4)
  3 wolves (D:8)
  2 centaurs
  A big kobold (Sewer)
  8 bullfrogs
  A wyvern zombie (D:7)
  2 scorpions
  A crimson imp (D:6)
  2 bullfrog zombies
  2 lava snakes (D:7)
  A bullfrog skeleton (D:6)
  2 hounds
  4 orc priests
  12 orc wizards
  3 jellies
  An iguana (D:5)
  3 worker ants
  2 hound skeletons
  A hound zombie (D:8)
  Robin (D:4)
  3 worker ant zombies
  4 gnolls
  13 adders
  2 shadow imps (D:7)
  2 oozes
  An adder skeleton (D:4)
  2 adder zombies
  2 worms
  2 dart slugs (D:1)
  10 leopard geckos
  26 orcs
  3 ball pythons
  10 bats
  15 giant cockroaches
  17 goblins
  13 hobgoblins
  4 jackals
  25 kobolds
  5 quokkas
  A ball python skeleton (D:4)
  5 frilled lizards
  A jackal zombie (D:5)
  10 rats
246 creatures vanquished.

Notes
Turn   | Place    | Note
-------+----------+-------------------------------------------
     0 | D:1      | FluffierThanThou the Minotaur Fighter began the quest for
                  | the Orb.
     0 | D:1      | Reached XP level 1. HP: 19/19 MP: 0/0
    95 | D:1      | Reached XP level 2. HP: 27/27 MP: 1/1
   118 | D:1      | Reached skill level 4 in Fighting
   282 | D:1      | Reached XP level 3. HP: 29/33 MP: 2/2
   800 | D:2      | Reached XP level 4. HP: 29/41 MP: 3/3
   834 | D:2      | Noticed Sigmund
   843 | D:2      | Killed Sigmund
   843 | D:2      | Reached skill level 5 in Fighting
   843 | D:2      | Reached XP level 5. HP: 38/48 MP: 4/4
  1028 | D:2      | Found a snail-covered altar of Cheibriados.
  1028 | D:2      | Found a glowing golden altar of the Shining One.
  1237 | D:3      | Found a runed translucent gate.
  1237 | D:3      | Found a runed translucent gate.
  1237 | D:3      | Found a runed translucent gate.
  1237 | D:3      | Noticed Descartes's ghost (amateur FeWr)
  1245 | D:2      | Reached XP level 6. HP: 20/57 MP: 5/5
  1448 | D:3      | Reached skill level 6 in Fighting
  1448 | D:3      | Reached skill level 5 in Armour
  1448 | D:3      | Reached skill level 5 in Shields
  2471 | D:4      | Found a glowing drain.
  2505 | Sewer    | Entered a sewer
  2777 | D:4      | Noticed Robin
  2797 | D:4      | Killed Robin
  2878 | D:4      | Reached XP level 7. HP: 50/64 MP: 6/6
  2967 | D:4      | Reached skill level 7 in Fighting
  3099 | D:4      | Reached skill level 5 in Axes
  3386 | D:5      | Entered Level 5 of the Dungeon
  3668 | D:5      | Reached XP level 8. HP: 66/74 MP: 7/7
  3688 | D:5      | Noticed Menkaure
  3694 | D:5      | Killed Menkaure
  3694 | D:5      | Reached skill level 8 in Fighting
  4431 | D:6      | Reached skill level 9 in Fighting
  4462 | D:6      | Found a staircase to the Ecumenical Temple.
  4512 | Temple   | Entered the Ecumenical Temple
  4521 | Temple   | Became a worshipper of Warmaster Okawaru
  4810 | D:7      | Reached XP level 9. HP: 84/84 MP: 8/8
  4928 | D:7      | Found a flagged portal.
  4931 | D:7      | Reached * piety under Okawaru
  4939 | D:7      | Reached skill level 10 in Fighting
  4945 | Bailey   | Entered a bailey
  5229 | Bailey   | Got a faintly glowing ring mail
  5241 | Bailey   | Identified the +0 ring mail "Poym" {*Corrode rF+++ MR-
                  | Regen+} (You found it in a bailey)
  5256 | Bailey   | Found an iron altar of Okawaru.
  5282 | Bailey   | Got a shimmering dagger
  5402 | D:7      | Reached ** piety under Okawaru
  5410 | D:7      | Reached skill level 11 in Fighting
  6134 | D:8      | Found a bloodstained altar of Trog.
  6163 | D:8      | Found a shimmering altar of Xom.
  6202 | D:8      | Noticed Grum
  6216 | D:8      | Reached *** piety under Okawaru
  6216 | D:8      | Reached XP level 10. HP: 77/96 MP: 9/9
  6217 | D:8      | Killed Grum
  6492 | D:8      | Got a scintillating glass ring
  6567 | D:8      | Found Roniwyob's General Store.
  6572 | D:8      | Bought a scroll of identify for 24 gold pieces
  6572 | D:8      | Bought a scroll of immolation for 42 gold pieces
  6748 | D:9      | Noticed a two-headed ogre
  6754 | D:9      | Noticed a six-headed hydra
  6755 | D:9      | Identified the +2 dagger "Vungepun" {freeze, *Slow rElec
                  | rF+++ Str+2} (You found it in a bailey)
  6776 | D:9      | Slain by a two-headed ogre

Levels and vault maps discovered:
D:1:      psy_arrival_basics, layout_loops_ring, minmay_tree_intersection
D:2:      layout_loops_ring, gammafunk_temple_overflow_wave,
          kennysheep_cross_room, minmay_worlds_worst_comb, uniq_sigmund
D:3:      layout_loops_ring, gammafunk_ghost_split
D:4:      layout_loops_corners, first_ration, gup_sewer_entry_glass, uniq_robin
D:5:      layout_gridville, ebering_dispersal_statue_hall, uniq_menkaure
D:6:      layout_cave_pools, minmay_temple_entry_waves, kennysheep_potato
D:7:      layout_layer_cave, enter_bailey_6, chequers_decorated_corner,
          grunt_livestock, kennysheep_doodads, chequers_serial_rivers_micro_e,
          st_stairs_9
D:8:      layout_loops_ring, basic_altar, serial_shops, kennysheep_little_box,
          bloody_trog, uniq_grum
D:9:      layout_rooms, grunt_temple_overflow_order_and_chaos_1, orc_0_dummy,
          serial_shops, kennysheep_mini_moat, uniq_maurice
Temple:   nicolae_temple_no_exploring_needed

Skill      XL: |  1  2  3  4  5  6  7  8  9 |
---------------+----------------------------+-----
Fighting       | 4 5 6 7 9 11 | 11.6
Shields        | 4 5 6 7 8 |  8.9
Armour         | 4 5 6 7 8 |  8.8
Axes           | 3 4 5 6 8 |  8.4

Action                   |  1- 3 |  4- 6 |  7- 9 | 10-12 || total
-------------------------+-------+-------+-------+-------++-------
Melee: War axe           |    82 |   178 |   238 |    40 ||   538
       Headbutt          |     9 |    23 |    45 |    13 ||    90
       Dagger            |       |       |       |    15 ||    15
Invok: Heroism           |       |       |       |     1 ||     1
  Use: Potion            |       |     1 |     1 |     3 ||     5
       Scroll            |       |     4 |     1 |     1 ||     6
  Eat: Chunk             |       |     7 |    14 |       ||    21
       Ration            |       |       |     1 |       ||     1
Armor: Scale mail        |    26 |    71 |   176 |     9 ||   282
       Leather armour    |       |     3 |       |       ||     3
       Plate armour      |       |       |       |    38 ||    38
Dodge: Dodged            |    29 |    54 |    75 |    25 ||   183
Block: Shield            |    43 |   102 |   199 |    63 ||   407
